Unix NetHack Version 5.0.0-0 post-release - last build Jun 10 2026 00:39:30 (3ee93aec679c4c4259841fe613dc97188e26a321,branch:main).

Game began 2026-06-24 21:32:31, ended 2026-06-25 01:22:25.

JPB01, lawful male human Monk

   ------
   |....|
   |....|
   |x...
   |....|
   |...f|
   |...@|
   --+---

JPB01 the Candidate             St:14 Dx:16 Co:11 In:11 Wi:15 Ch:8  Lawful
Dlvl:1  $:0  HP:0(14) Pw:5(5) AC:4  Xp:1 T:1 

Latest messages:
 Shall I pick character's race, role, gender and alignment for you? [ynaq] n
 [Shan Lai Ching has chosen you to recover the Amulet of Yendor for Him.]
 Hello JPB01, welcome to NetHack!  You are a lawful male human Monk.
 Really save? [yn] (n) y
 Saving...
 Restoring save file...
 Hello JPB01, the human Monk, welcome back to NetHack!
 What do you want to drink? [d or ?*] ?
 Never mind.
 What do you want to read? [ci or ?*] ?
 Never mind.
 What do you want to read? [ci or ?*] c
 As you read the scroll, it disappears.
 What type of monster do you want to genocide? master
 Wiped out all monks.
 Do not pass Go.  Do not collect 200 zorkmids.
 Do you want your possessions identified? [ynq] (y) q

Inventory:
 Armor    ('[')
  a - an uncursed +2 pair of leather gloves (being worn)
  b - an uncursed +1 robe (being worn)
 Comestibles  ('%')
  f - 7 uncursed apples
  e - 3 uncursed food rations
  h - 3 uncursed fortune cookies
  g - 5 uncursed oranges
 Spellbooks  ('+')
  i - a blessed spellbook of healing
 Potions  ('!')
  d - 3 uncursed potions of healing
 Tools    ('(')
  j - a magic marker (0:21)

JPB01 the Monk's attributes:

Background:
 You were a Candidate, a level 1 male human Monk.
 You were lawful, on a mission for Shan Lai Ching
 who was opposed by Chih Sung-tzu (neutral) and Huan Ti (chaotic).
 You were right-handed.
 You were in the Dungeons of Doom, on level 1.
 You had just started your adventure.
 It was nighttime.
 You had 0 experience points, 20 were needed to attain level 2.

Basics:
 You had 0 out of 14 hit points.
 You had all 5 energy points (spell power).
 Your armor class was 4.
 Your wallet was empty.
 Autopickup was off.

Final Characteristics:
 Your strength was 14 (limit:18/100).
 Your dexterity was 16 (limit:18).
 Your constitution was 11 (limit:18).
 Your intelligence was 11 (limit:18).
 Your wisdom was 15 (limit:18).
 Your charisma was 8 (limit:18).

Final Status:
 You weren't hungry.
 You were unencumbered.
 You were empty handed.
 You had basic skill with martial arts.

Final Attributes:
 You were fervently aligned.
 You were sleep resistant.
 You saw invisible.
 You were guarded.
 Your spell casting was enhanced by wearing a robe.
 You were fast.
 You are dead.

Miscellaneous:
 You disabled loading and storing of bones levels.
 Total elapsed playing time was 12 seconds.

Major events:
 Turn
    1: JPB01 the lawful male human Monk entered the dungeon
    1: performed his first genocide (monks)
    1: killed by a scroll of genocide

Spells:
 Name                 Level Category     Fail Retention
 healing                1   healing        0%      100%

Skills:
 Fighting Skills
   martial arts       [Basic]
 Weapon Skills
   quarterstaff       [Unskilled]
   spear              [Unskilled]
   crossbow           [Unskilled]
   shuriken           [Unskilled]
 Spellcasting Skills
   attack spells      [Unskilled]
   healing spells     [Basic]
   divination spells  [Unskilled]
   enchantment spells [Unskilled]
   clerical spells    [Unskilled]
   escape spells      [Unskilled]
   matter spells      [Unskilled]

Voluntary challenges:
 Your character was rerolled 73 times.
 You went without food.
 You were an atheist.
 You never hit with a wielded weapon.
 You were a pacifist.
 You genocided 1 type of monster.
 You never polymorphed an object.
 You never changed form.
 You used no wishes.

 The Dungeons of Doom:
    Level 1: <- You were here.
       Final resting place for
          you, killed by a scroll of genocide.


No creatures were vanquished.

Genocided species:
 monks
1 species genocided.

Game over:
                       ----------
                      /          \
                     /    REST    \
                    /      IN      \
                   /     PEACE      \
                  /                  \
                  |      JPB01       |
                  |       0 Au       |
                  |   killed by a    |
                  |    scroll of     |
                  |     genocide     |
                  |                  |
                  |       2026       |
                 *|     *  *  *      | *
        _________)/\\_//(\/(/\)/\//\/|_)_______

Goodbye JPB01 the Monk...

You were genocided in The Dungeons of Doom on dungeon level 1 with 0 points,
and 0 pieces of gold, after 1 move.
You were level 1 with a maximum of 14 hit points when you were genocided.

